 Dungeon Crawl Stone Soup version 0.21-a0-521-g1cd18d1 (webtiles) character file.

692914 theanonym the Executioner (level 27, 0/255 HPs)
             Began as a Barachi Fighter on Dec 5, 2017.
             Was the Champion of Cheibriados.
             Slain by a large abomination (21 damage)
             ... in Pandemonium.
             The game lasted 05:06:42 (72598 turns).

theanonym the Executioner (Barachi Fighter)        Turns: 72598, Time: 05:06:43

Health: 0/255      AC: 45    Str: 40    XL:     27
Magic:  38/47      EV: 25    Int: 32    God:    Cheibriados [******]
Gold:   2680       SH:  0    Dex: 29    Spells: 3/46 levels left

rFire    + + .     SeeInvis .   a - +9 executioner's axe (holy)
rCold    + + .     Gourm    .   (shield currently unavailable)
rNeg     + . .     Faith    .   I - +11 gold dragon scales {23 rF+ rC+ rPois}
rPois    +         Spirit   .   h - +3 hat of Pondering {ponderous, MR+ MP+10 Int+5}
rElec    .         Reflect  .   g - +0 cloak {MR+} {MR+}
rCorr    .         Harm     .   F - +2 pair of gloves
MR       ++++.                  Z - +2 pair of boots
Stlth    ..........             H - amulet of Vitality {Regen+ HP+15}
HPRegen  1.92/turn              j - ring of positive energy {rN+rN+}
MPRegen  0.30/turn              B - ring of Doghum {rPois rF+ rC+}

@: regenerating, very slow
A: +LOS, swims, horns 1, slowness 1, strong legs 2
}: 4/15 runes: decaying, serpentine, silver, abyssal
a: Hop, Bend Time, Temporal Distortion, Slouch, Step From Time, Renounce
Religion


Innate Abilities, Weirdness & Mutations

Shadows flee at your approach. (+LOS)
You can swim through water.
You cover ground slowly.
You can hop long distances.
You have a pair of small horns on your head.


   Skills:
 - Level 24.6 Fighting
   Level 16.0 Long Blades
 - Level 26.0 Axes
 - Level 10.0 Crossbows
 - Level 18.7 Armour
 - Level 18.6 Dodging
   Level 15.0 Shields
 - Level 10.0 Spellcasting
 - Level 10.0 Charms
 + Level 12.0 Necromancy
 - Level 10.0 Translocations
 * Level 10.6 Transmutations
 - Level 15.0 Invocations


You had 3 spell levels left.
You knew the following spells:

 Your Spells              Type           Power        Failure   Level  Hunger
a - Passage of Golubria   Tloc           N/A          3%          4    None
b - Silence               Hex/Air        ###.......   99%         5    ###....
c - Control Undead        Necr           #######...   1%          4    None
d - Dispel Undead         Necr           #######.     3%          5    ###....
e - Lesser Beckoning      Tloc           ######....   1%          3    None
f - Necromutation         Tmut/Necr      ######....   100%        8    #######
g - Blink                 Tloc           N/A          1%          2    None
h - Borgnjor's Revivific  Necr           #######...   100%        8    #######
q - Apportation           Tloc           ######       1%          1    None
r - Regeneration          Chrm/Necr      ######....   1%          3    None

Skill      XL: |  1  2  3  4  5  6  7  8  9 10 11 12 13 14 15 16 17 18 19 20 21 22 23 24 25 26 27 |
---------------+----------------------------------------------------------------------------------+-----
Long Blades    | 3 4 5 6 7 8 10 12 14 16 | 16.0
Fighting       | 4 5 6 8 9 10 12 13 14 15 16 19 21 22 23 24 | 24.6
Invocations    | 1 3 5 6 7 8 9 10 11 13 14 15 | 15.0
Armour         | 6 9 10 11 13 14 15 16 17 18 | 18.7
Shields        | 6 8 11 15 | 15.0
Dodging        | 5 6 10 11 12 14 16 17 18 | 18.6
Crossbows      | 1 7 9 10 | 10.0
Spellcasting   | 1 7 8 10 | 10.0
Charms         | 1 7 8 10 | 10.0
Necromancy     | 1 6 8 10 12 | 12.0
Translocations | 3 10 | 10.0
Axes           | 9 16 26 | 26.0
Transmutations | 10 | 10.6

Action                   |  1- 3 |  4- 6 |  7- 9 | 10-12 | 13-15 | 16-18 | 19-21 | 22-24 | 25-27 || total
-------------------------+-------+-------+-------+-------+-------+-------+-------+-------+-------++-------
Melee: Long sword        |   156 |   149 |   489 |   340 |       |       |       |       |       ||  1134
       Scimitar          |       |       |       |   425 |   218 |    39 |       |    12 |   507 ||  1201
       Demon blade       |       |       |       |       |   778 |   110 |       |       |       ||   888
       Double sword      |       |       |       |       |       |  1076 |  1238 |  1542 |   984 ||  4840
       Headbutt          |       |       |       |       |       |       |       |   350 |   848 ||  1198
       Broad axe         |       |       |       |       |       |       |       |       |   233 ||   233
       Executioner's axe |       |       |       |       |       |       |       |       |   228 ||   228
 Fire: Hand crossbow     |       |       |    23 |   217 |   362 |   572 |   480 |   412 |   596 ||  2662
       Triple crossbow   |       |       |       |       |       |       |       |       |    93 ||    93
       Arbalest          |       |       |       |       |       |       |       |       |    53 ||    53
Throw: Tomahawk          |       |       |    16 |     9 |    16 |     3 |       |       |       ||    44
       Throwing net      |       |       |       |       |       |       |       |     3 |       ||     3
 Cast: Regeneration      |       |       |       |       |       |       |     9 |    34 |    70 ||   113
       Lesser Beckoning  |       |       |       |       |       |       |       |    64 |    96 ||   160
       Blink             |       |       |       |       |       |       |       |     4 |     3 ||     7
       Passage of Golubr |       |       |       |       |       |       |       |     4 |       ||     4
       Apportation       |       |       |       |       |       |       |       |       |     2 ||     2
       Control Undead    |       |       |       |       |       |       |       |       |     1 ||     1
       Dispel Undead     |       |       |       |       |       |       |       |       |     4 ||     4
Invok: Bend Time         |       |       |     4 |    15 |     8 |     9 |     1 |     4 |     4 ||    45
       Temporal Distorti |       |       |     2 |     6 |     1 |    19 |     2 |     1 |    15 ||    46
       Slouch            |       |       |       |     3 |     6 |     5 |    10 |       |     8 ||    32
 Abil: Hop               |       |     3 |     3 |     1 |     3 |     2 |     4 |     5 |     8 ||    29
Evoke: Wand              |       |     7 |     9 |    14 |     8 |     1 |     1 |     2 |     8 ||    50
       Sack of spiders   |       |       |       |       |     2 |       |       |       |       ||     2
       Phial of floods   |       |       |       |       |     3 |     1 |     1 |       |     3 ||     8
       Box of beasts     |       |       |       |       |     3 |       |       |       |       ||     3
       Lamp of fire      |       |       |       |       |     1 |     4 |     2 |     4 |     2 ||    13
       Fan of gales      |       |       |       |       |       |       |       |       |     3 ||     3
  Use: Scroll            |       |     8 |     6 |    10 |     9 |     8 |     3 |    13 |    44 ||   101
       Potion            |       |       |     4 |     3 |     3 |     8 |     1 |     1 |     6 ||    26
 Stab: Paralysed         |       |       |    11 |       |       |       |       |       |       ||    11
       Confused          |       |       |       |     4 |       |     1 |       |       |     1 ||     6
       Distracted        |       |       |       |       |     1 |     1 |       |       |     2 ||     4
  Eat: Chunk             |     3 |     9 |    10 |     5 |    17 |    18 |    13 |    15 |     7 ||    97
       Meat ration       |       |       |     1 |     3 |     2 |       |       |       |     5 ||    11
       Bread ration      |       |       |       |     1 |       |     3 |     2 |     2 |     2 ||    10
       Royal jelly       |       |       |       |       |       |       |       |     1 |     7 ||     8
Armor: Scale mail        |    44 |    44 |       |       |       |       |       |       |       ||    88
       Plate armour      |       |    33 |   319 |   319 |   285 |   142 |   351 |   425 |   384 ||  2258
       Fire dragon scale |       |       |       |       |     8 |    90 |    21 |       |       ||   119
       Skin              |       |       |       |       |       |     9 |       |       |    37 ||    46
       Chain mail        |       |       |       |       |       |       |       |       |    71 ||    71
       Gold dragon scale |       |       |       |       |       |       |       |       |   109 ||   109
Dodge: Dodged            |    43 |    30 |    96 |   119 |   358 |   649 |   866 |   792 |  1508 ||  4461
       Deflected         |       |       |       |       |    16 |    54 |    71 |    37 |       ||   178
Block: Shield            |    60 |    82 |   303 |   243 |   662 |   491 |  1220 |   402 |  1269 ||  4732
       Large shield      |       |       |       |   319 |   207 |  1112 |    20 |  1479 |   398 ||  3535
       Rpst.: Long sword |    17 |     7 |    25 |    20 |       |       |       |       |       ||    69
       Scimitar          |       |       |       |    19 |     4 |     3 |       |     1 |    44 ||    71
       Demon blade       |       |       |       |       |    75 |     7 |       |       |       ||    82
       Double sword      |       |       |       |       |       |    88 |   132 |   109 |    94 ||   423

Inventory:

Hand Weapons
 a - a +9 executioner's axe of holy wrath (weapon)
   (You subdued it on level 2 of the Elven Halls)
 b - the +10 arbalest of Pandemonium {flame, -Tele rElec rPois Dex+7}
   (You found it on level 5 of the Depths)

   It causes projectiles fired from it to burn those they strike, causing extra
   injury to most foes and up to half again as much damage against particularly
   susceptible opponents.
   It affects your dexterity (+7).
   It insulates you from electricity.
   It protects you from poison.
   It prevents most forms of teleportation.
Missiles
 m - 1923 bolts
 A - 2 throwing nets (quivered) {!f}
Armour
 g - a +0 cloak of magic resistance (worn) {MR+}
   (You found it on level 3 of the Elven Halls)
 h - the +3 hat of Pondering (worn) {ponderous, MR+ MP+10 Int+5}
   (You took it off Gastronok on level 8 of the Dungeon)

   It affects your intelligence (+5).
   It affects your resistance to hostile enchantments.
   It affects your magic capacity (+10).
 F - a +2 pair of gloves (worn)
   (You found it on level 5 of the Vaults)
 I - +11 gold dragon scales (worn) {23 rF+ rC+ rPois}
   (You found it on level 5 of the Realm of Zot)
 Z - a +2 pair of boots (worn)
   (You found it on level 1 of the Depths)
Jewellery
 j - a ring of positive energy (left hand) {rN+rN+}
   (You found it on level 2 of the Dungeon)
 u - the ring "Itemm" {MR- Str+6 Dex+7 SInv}
   (You took it off a deep elf sorcerer on level 3 of the Elven Halls)

   [ring of strength]

   It affects your strength (+6).
   It affects your dexterity (+7).
   It affects your resistance to hostile enchantments.
   It lets you see invisible.
 B - the ring of Doghum (right hand) {rPois rF+ rC+}
   (You bought it in a shop on level 2 of the Snake Pit)

   [ring of protection from fire]

   It protects you from fire.
   It protects you from cold.
   It protects you from poison.
 H - the amulet of Vitality (around neck) {Regen+ HP+15}
   (You bought it in a shop on level 5 of the Depths)

   [amulet of regeneration]

   It affects your health (+15).
   It increases your rate of regeneration.
 O - an uncursed ring of protection from cold {rC+}
   (You found it on level 12 of the Dungeon)
 W - the ring "Qoreel" {rElec rPois Stlth-}
   (You found it on level 5 of the Lair of Beasts)

   [ring of loudness]

   It insulates you from electricity.
   It protects you from poison.
   It makes you less stealthy.
Wands
 d - a wand of digging (23)
   (You found it on level 7 of the Dungeon)
 v - a wand of acid (29)
   (You found it on level 2 of the Lair of Beasts)
Scrolls
 f - 8 scrolls of fog {!r}
 k - 25 scrolls of remove curse
 r - 5 scrolls of identify
 t - 19 scrolls of teleportation {!r}
 y - 7 scrolls of magic mapping {!r}
 J - 4 scrolls of blinking
 L - 2 scrolls of summoning
 Q - 10 scrolls of fear {!r}
 R - 3 scrolls of silence
 S - 6 scrolls of immolation
 X - 2 scrolls of holy word
Potions
 i - 9 potions of ambrosia
 n - 9 potions of flight
 o - 4 potions of cancellation
 p - 4 potions of mutation
 q - 12 potions of heal wounds
 w - 23 potions of curing
 C - 8 potions of magic
 D - 9 potions of lignification
 E - 5 potions of invisibility
 G - 5 potions of agility
 M - a potion of might
 N - 8 potions of resistance {rF+ rC+}
 T - 5 potions of brilliance
Miscellaneous
 l - a fan of gales
   (You found it on level 2 of the Elven Halls)
 P - 4 phantom mirrors
 U - a phial of floods
   (You found it on level 3 of the Lair of Beasts)
 Y - a lamp of fire
   (You found it on level 6 of the Lair of Beasts)
Comestibles
 e - a meat ration
 s - 12 royal jellies
 x - 8 bread rations

Dungeon Overview and Level Annotations

Branches:
Dungeon (15/15)            Temple (0/1) D:6            Lair (6/6) D:8
  Swamp (4/4) Lair:3        Snake (4/4) Lair:3        Slime (0/5) Lair:5
    Orc (2/2) D:10            Elf (3/3) Orc:2        Vaults (5/5) D:14
  Crypt (3/3) Vaults:2       Tomb (0/3) Crypt:3      Depths (5/5) D:15
    Zot (5/5) Depths:5

Altars:
Cheibriados
Dithmenos
Gozag
Hepliaklqana
Kikubaaqudgha
Makhleb
Nemelex Xobeh
Okawaru
Qazlal
Ru
Trog
Vehumet
Wu Jian
Xom
Yredelemnul
Zin
The Shining One
Beogh
Jiyva

Shops:
D:11 [   Orc:2 (:[(   Elf:2 [   Snake:1 }:   Snake:2 :*(   Vaults:3 =}(?
Vaults:5 !%%   Depths:4 :   Depths:5 =}=

Portals:
Hell: Depths:1 Depths:2 Depths:3 Depths:4 Depths:5
Abyss: Depths:1 Depths:2 Depths:4
Pandemonium: Depths:3 Depths:4
Ziggurat: Depths:1

Annotations:
Lair:5 1 runed door, exclusion: 2 oklob plants
Zot:5 1 exclusion You were in Pandemonium. You worshipped Cheibriados. Cheibriados was exalted by your worship. You were not hungry. You visited 10 branches of the dungeon, and saw 52 of its levels. You visited Pandemonium 1 time, and saw 1 of its levels. You visited the
Abyss 1 time. You also visited: Wizlab. You collected 9140 gold pieces. You spent 6460 gold pieces at shops.


Message History

Aim: a cacodemon You shoot a bolt.
The bolt hits the cacodemon!!
The bolt burns the cacodemon!
You hear a shout!
You hear a chilling moan. x2; You hear a hideous shriek!
You hear a shout!
The chaos spawn moves out of view.
The +10 arbalest of Pandemonium {flame, -Tele rElec rPois Dex+7} stops flaming.
Your +9 executioner's axe of holy wrath softly glows with a divine radiance!
a - a +9 executioner's axe of holy wrath (weapon)
Aim: a cacodemon (heavily wounded)
The cacodemon hurls suddenly forward!
The cacodemon hits you but does no damage.
The cacodemon misses you.
You now have 44/47 mp.
You barely miss the cacodemon.
You headbutt the cacodemon, but do no damage.
The cacodemon barely misses you.
The cacodemon hits you but does no damage.
You carve the cacodemon like a ham!!!
You kill the cacodemon!
Cheibriados appreciates the change of pace.
You slice the chaos spawn!!
The chaos spawn convulses!!
You kill the chaos spawn!
Cheibriados appreciates the change of pace.
The chaos spawn degenerates into a cloud of primal chaos!
m - 1923 bolts (gained 1)
m - 1924 bolts (gained 1)
A large abomination comes into view.
MP restored: 47 A Brimstone Fiend comes into view.
Unknown command.
Okay, then.
Unknown command.
Your +9 executioner's axe of holy wrath stops glowing.
The +10 arbalest of Pandemonium {flame, -Tele rElec rPois Dex+7} bursts into flame!
b - the +10 arbalest of Pandemonium (weapon)
{flame, -Tele rElec rPois Dex+7} The Brimstone Fiend roars!
You hear a shout! x2
Aim: a Brimstone Fiend You shoot a bolt.
The bolt hits the Brimstone Fiend!!
You hear a loud, deep croak!
The large abomination hits you but does no damage.
You hear a shout!
You hear a roar!
The +10 arbalest of Pandemonium {flame, -Tele rElec rPois Dex+7} stops flaming.
Your +9 executioner's axe of holy wrath softly glows with a divine radiance!
a - a +9 executioner's axe of holy wrath (weapon)
You hear a loud, deep croak!
You hear a grinding noise. x2
You warp the flow of time around you!
You feel somewhat more hungry.
Found a paperback book and 14 sling bullets.
A smoke demon, an Executioner, a shadow demon and a Brimstone Fiend come into view.
You now have 43/47 mp.
Unknown command.
Aim: a Brimstone Fiend (lightly wounded)
The Brimstone Fiend hurls suddenly forward!
The Brimstone Fiend gestures at you.
The sphere of damnation explodes!
The damnation engulfs the Brimstone Fiend.
The Brimstone Fiend completely resists.
The damnation engulfs you!
The shadow demon moves out of view.
The Brimstone Fiend gestures at you.
The sphere of damnation explodes!
The damnation engulfs you!
The damnation engulfs the Brimstone Fiend.
The Brimstone Fiend completely resists.
You hear a shout! x2; You hear a chilling moan.
You hear a shout!
You hear a roar! 2 red devils come into view.
You take 84 damage, and have 171/255 hp.
MASSIVE DAMAGE!!
You now have 40/47 mp.
Your skin crawls.
The Executioner gestures.
The Executioner seems to speed up.
The smoke demon gestures at you.
The ball of steam hits something.
The Brimstone Fiend calls on the powers of darkness!
Your body is wracked with pain!
* * * LOW HITPOINT WARNING * * *
You take 74 damage, and have 97/255 hp.
MASSIVE DAMAGE!!
You now have 37/47 mp.
You slice the Brimstone Fiend like a ripe choko!!!
The Brimstone Fiend convulses!!!
Your headbutt misses the Brimstone Fiend.
You hear a shout! x2
The Brimstone Fiend calls on the powers of darkness!
Your body is wracked with pain!
* * * LOW HITPOINT WARNING * * *
The Brimstone Fiend calls on the powers of darkness!
Your body is wracked with pain!
* * * LOW HITPOINT WARNING * * *
You take 65 damage, and have 32/255 hp.
MASSIVE DAMAGE!!
Unknown command.
Unknown command.
Unknown command.
You feel much better.
The Brimstone Fiend calls on the powers of darkness!
Your body is wracked with pain!
* * * LOW HITPOINT WARNING * * *
You hear a grinding noise.
The Brimstone Fiend calls on the powers of darkness!
Your body is wracked with pain!
* * * LOW HITPOINT WARNING * * *
The large abomination hits you!!
You die...

#...#.....#.....'...#.
#...#.....#######...'.
#...#...............#.
##...#######.........#.
#..........#.........#.
#..........#....)....#.
#..........###########.
###....X.................
........@................
........11...............
..........§..............
.........#{#####2######..
.........#:3 #..
........1#.#§ #..
.........# .3. #..
.........# # .4 #..
......(..# .4. #..


You could see 2 Brimstone Fiends, a balrug, an Executioner, a large abomination
and a smoke demon.

Notes
Turn   | Place    | Note
-------+----------+-------------------------------------------
     0 | D:1      | theanonym the Barachi Fighter began the quest for the Orb.
     0 | D:1      | Reached XP level 1. HP: 18/18 MP: 1/1
    37 | D:1      | Reached skill level 3 in Long Blades
    37 | D:1      | Reached XP level 2. HP: 17/25 MP: 2/2
   205 | D:1      | Reached skill level 4 in Fighting
   256 | D:1      | Reached XP level 3. HP: 18/30 MP: 3/3
   571 | D:1      | Reached skill level 4 in Long Blades
  1654 | D:2      | Reached XP level 4. HP: 38/38 MP: 4/4
  1659 | D:2      | Found a sacrificial altar of Ru.
  2595 | D:3      | Reached skill level 5 in Long Blades
  2595 | D:3      | Reached XP level 5. HP: 32/43 MP: 5/5
  2956 | D:4      | Reached skill level 5 in Fighting
  2961 | D:4      | Found a radiant altar of Vehumet.
  3072 | D:4      | Noticed an ogre
  3376 | D:4      | Killed an ogre
  3376 | D:4      | Reached skill level 6 in Long Blades
  3376 | D:4      | Reached XP level 6. HP: 36/51 MP: 6/6
  3773 | D:5      | Entered Level 5 of the Dungeon
  3799 | D:5      | Reached skill level 7 in Long Blades
  3865 | D:5      | Found a snail-covered altar of Cheibriados.
  3884 | D:5      | Became a worshipper of Cheibriados the Contemplative
  3899 | D:5      | Reached skill level 6 in Fighting
  4001 | D:4      | Found a glowing silver altar of Zin.
  4001 | D:4      | Found an opulent altar of Gozag.
  4015 | D:4      | Reached XP level 7. HP: 47/58 MP: 7/7
  4023 | D:4      | Found a shadowy altar of Dithmenos.
  4290 | D:5      | Reached skill level 8 in Long Blades
  4401 | D:5      | Found a stormy altar of Qazlal.
  4403 | D:5      | Found a burning altar of Makhleb.
  4403 | D:5      | Found a shimmering altar of Xom.
  4404 | D:5      | Found a hazy altar of Hepliaklqana.
  4405 | D:5      | Found a glowing golden altar of the Shining One.
  4442 | D:5      | Reached * piety under Cheibriados
  4751 | D:6      | Found a staircase to the Ecumenical Temple.
  4884 | D:6      | Reached skill level 1 in Invocations
  4884 | D:6      | Reached XP level 8. HP: 55/65 MP: 8/8
  4899 | D:6      | Reached skill level 7 in Fighting
  4914 | D:6      | Reached skill level 9 in Long Blades
  4944 | D:6      | Found an ornate altar of the Wu Jian Council.
  5004 | D:6      | Reached skill level 2 in Invocations
  5276 | D:6      | Reached skill level 10 in Long Blades
  5380 | D:6      | Reached skill level 3 in Invocations
  5516 | D:6      | Reached skill level 8 in Fighting
  5649 | D:6      | HP: 34/68 [orc/whip of freezing (1)]
  5655 | D:6      | HP: 34/68 [gnoll/club (2)]
  5657 | D:6      | Reached XP level 9. HP: 37/74 MP: 11/11
  5658 | D:6      | Reached ** piety under Cheibriados
  5661 | D:6      | HP: 36/74 [gnoll/spear (2)]
  5666 | D:6      | HP: 30/74 [orc/short sword (1)]
  6208 | D:7      | Found a basalt altar of Yredelemnul.
  6798 | D:7      | Reached skill level 11 in Long Blades
  6818 | D:7      | Reached *** piety under Cheibriados
  7069 | D:8      | Noticed Maurice
  7091 | D:7      | HP: 36/75 [something (3)]
  7094 | D:7      | HP: 15/75 [something (5)]
  7101 | D:7      | HP: 17/75 [sky beast (2)]
  7105 | D:7      | Reached skill level 4 in Invocations
  7152 | D:8      | Noticed Gastronok
  7208 | D:8      | Killed Maurice
  7208 | D:8      | Reached skill level 9 in Fighting
  7218 | D:8      | Found a sacrificial altar of Ru.
  7264 | D:8      | HP: 25/76 [Gastronok (19)]
  7445 | D:7      | Learned a level 3 spell: Regeneration
  7450 | D:7      | Learned a level 4 spell: Control Undead
  7590 | D:8      | Noticed a two-headed ogre
  7607 | D:7      | Killed a two-headed ogre
  7607 | D:7      | Reached skill level 12 in Long Blades
  7607 | D:7      | Reached skill level 5 in Invocations
  7607 | D:7      | Reached XP level 10. HP: 81/83 MP: 13/13
  7695 | D:8      | Found a staircase to the Lair.
  7840 | D:8      | Reached **** piety under Cheibriados
  8027 | D:8      | Reached skill level 10 in Fighting
  8049 | D:8      | Reached skill level 13 in Long Blades
  8093 | D:8      | HP: 37/85 [yak (11)]
  8626 | D:9      | Noticed Grum
  8638 | D:9      | Killed Grum
  8914 | D:9      | Reached skill level 6 in Invocations
  9280 | D:10     | Entered Level 10 of the Dungeon
  9346 | D:10     | Reached skill level 14 in Long Blades
  9463 | D:10     | Reached XP level 11. HP: 92/92 MP: 15/15
  9594 | D:10     | Reached skill level 4 in Armour
  9612 | D:10     | Found a staircase to the Orcish Mines.
  9612 | D:10     | Noticed an orc sorcerer
  9638 | D:10     | Killed an orc sorcerer
  9638 | D:10     | Reached skill level 11 in Fighting
  9655 | D:10     | Reached skill level 4 in Shields
  9685 | D:10     | HP: 43/93 [orc priest/divine providence (14)]
  9693 | D:10     | HP: 26/93 [troll zombie (7)]
  9715 | D:10     | HP: 32/93 [troll zombie (5)]
  9723 | D:10     | HP: 27/93 [troll zombie (10)]
 10419 | Orc:1    | Entered Level 1 of the Orcish Mines
 10423 | Orc:1    | Found a roughly hewn altar of Beogh.
 10539 | Orc:1    | Noticed an orc knight
 10540 | Orc:1    | an orc knight changed into a guardian serpent
 10550 | Orc:1    | HP: 41/93 [orc warrior/scimitar[an orc knight] (9)]
 10551 | Orc:1    | Reached skill level 5 in Armour
 10554 | Orc:1    | HP: 11/93 [orc warrior/scimitar[an orc knight] (16)]
 10559 | Orc:1    | HP: 12/93 [poisoned by a guardian serpent (bolt of poison)]
 10564 | Orc:1    | HP: 33/93 [poisoned by a guardian serpent (bolt of poison)]
 10571 | Orc:1    | HP: 38/93 [poisoned by a guardian serpent (bolt of poison)]
 10578 | Orc:1    | HP: 44/93 [poisoned by a guardian serpent (bolt of poison)]
 10841 | Orc:1    | Noticed a cyclops
 10844 | Orc:1    | a cyclops changed into a yaktaur
 11138 | D:8      | HP: 36/93 [Gastronok/the air (22)]
 11140 | D:8      | Killed Gastronok
 11140 | D:8      | Reached skill level 6 in Armour
 11140 | D:8      | Reached skill level 5 in Shields
 11140 | D:8      | Reached skill level 7 in Invocations
 11410 | D:8      | Noticed Pikel
 11429 | D:8      | Killed Pikel
 11429 | D:8      | Reached skill level 6 in Shields
 11654 | Lair:1   | Entered Level 1 of the Lair of Beasts
 11761 | Lair:1   | Reached skill level 12 in Fighting
 11779 | Lair:1   | Reached XP level 12. HP: 65/102 MP: 17/17
 11957 | Lair:1   | Reached skill level 7 in Armour
 12195 | Lair:1   | Reached ***** piety under Cheibriados
 12302 | Lair:1   | Noticed Nergalle
 12367 | Lair:1   | Reached skill level 8 in Invocations
 12376 | Lair:1   | Killed Nergalle
 12376 | Lair:1   | Reached skill level 7 in Shields
 12578 | Lair:1   | Reached skill level 8 in Armour
 13260 | Lair:2   | Noticed anything's ghost (journeyman OpHu)
 13280 | Lair:2   | Killed anything's ghost
 13387 | Lair:2   | Noticed a seven-headed hydra
 13394 | Lair:2   | Killed a seven-headed hydra
 13394 | Lair:2   | Reached skill level 13 in Fighting
 13394 | Lair:2   | Reached skill level 8 in Shields
 13413 | Lair:2   | Reached skill level 9 in Armour
 14161 | Lair:3   | Noticed Snorg
 14172 | Lair:3   | HP: 52/105 [Snorg (14)]
 14173 | Lair:3   | Killed Snorg
 14332 | Lair:3   | HP: 51/105 [fire crab/blast of flame (10)]
 14338 | Lair:3   | HP: 29/105 [fire crab] (7)]
 14342 | Lair:3   | HP: 10/105 [fire crab] (18)]
 14482 | Lair:3   | Gained mutation: You can hop long distances. [Barachi growth]
 14482 | Lair:3   | Reached XP level 13. HP: 105/111 MP: 19/19
 14541 | Lair:3   | Reached skill level 9 in Shields
 14583 | Lair:3   | Noticed Rupert
 14590 | Lair:3   | Killed Rupert
 14590 | Lair:3   | Reached skill level 10 in Armour
 14591 | Lair:3   | Noticed Fannar
 14598 | Lair:3   | Killed Fannar
 14652 | Lair:3   | Found a staircase to the Swamp.
 14656 | Lair:3   | Found a staircase to the Snake Pit.
 14943 | Lair:3   | Reached skill level 1 in Dodging
 15912 | Lair:4   | Reached skill level 14 in Fighting
 15920 | Lair:4   | Reached skill level 2 in Dodging
 15928 | Lair:4   | Reached ****** piety under Cheibriados
 16127 | Lair:4   | Reached skill level 3 in Dodging
 16883 | Lair:5   | Found a runed door.
 16929 | Lair:5   | Reached skill level 4 in Dodging
 16929 | Lair:5   | Reached skill level 10 in Shields
 17172 | Lair:5   | Got a steaming tin ring
 17245 | Lair:5   | Found a viscous altar of Jiyva.
 17246 | Lair:5   | Identified the ring "Qoreel" {rElec rPois Stlth-} (You found it on level 5 of the Lair of Beasts)
 17255 | Lair:5   | Found a staircase to the Slime Pits.
 17283 | Lair:5   | Reached skill level 5 in Dodging
 17761 | Lair:6   | Entered Level 6 of the Lair of Beasts
 18609 | Lair:6   | Reached skill level 11 in Shields
 18935 | Lair:6   | Noticed a fire dragon
 18952 | Lair:6   | Killed a fire dragon
 18952 | Lair:6   | Reached XP level 14. HP: 121/121 MP: 20/20
 19032 | Lair:6   | Reached skill level 12 in Shields
 19328 | Lair:6   | Reached skill level 13 in Shields
 19340 | Lair:6   | Noticed a dire elephant
 19357 | Lair:6   | Killed a dire elephant
 20131 | D:11     | Found Xusicepoc's Armour Shop.
 20314 | D:11     | Found a large runed door.
 20314 | D:11     | Found a large runed door.
 20331 | D:11     | Reached skill level 14 in Shields
 20554 | D:11     | Found a large runed door.
 20554 | D:11     | Found a large runed door.
 21255 | D:12     | Noticed Sonja
 21256 | D:12     | Noticed Sonja
 21256 | D:12     | Sonja changed into Sonja the fire bat
 21260 | D:12     | Killed Sonja the fire bat
 21556 | D:12     | Noticed Kirke
 21573 | D:12     | Killed Kirke
 21692 | D:12     | Noticed Frances
 21700 | D:12     | Killed Frances
 21700 | D:12     | Reached skill level 9 in Invocations
 22315 | D:12     | Reached skill level 15 in Shields
 22599 | D:13     | Reached skill level 6 in Dodging
 22751 | D:13     | Reached skill level 1 in Crossbows
 22751 | D:13     | Reached XP level 15. HP: 127/127 MP: 21/21
 22922 | D:13     | Found a basalt altar of Yredelemnul.
 22943 | D:13     | Noticed Azrael
 22952 | D:13     | Reached skill level 2 in Crossbows
 22952 | D:13     | Reached skill level 7 in Dodging
 22969 | D:13     | Killed Azrael
 23279 | D:14     | Found a gate to the Vaults.
 23297 | D:14     | Reached skill level 3 in Crossbows
 23302 | D:14     | Reached skill level 8 in Dodging
 23317 | D:14     | Reached skill level 15 in Fighting
 23399 | D:14     | Found a shadowy altar of Dithmenos.
 23526 | D:14     | Reached skill level 4 in Crossbows
 23639 | D:14     | Reached skill level 9 in Dodging
 24118 | D:15     | Entered Level 15 of the Dungeon
 24238 | D:15     | Reached skill level 10 in Dodging
 24254 | D:15     | Noticed Urug
 24269 | D:15     | Killed Urug
 24269 | D:15     | Reached skill level 5 in Crossbows
 24573 | D:15     | Found a staircase to the Depths.
 24935 | Orc:2    | Entered Level 2 of the Orcish Mines
 24971 | Orc:2    | Reached skill level 6 in Crossbows
 25165 | Orc:1    | Noticed an orc warlord
 25168 | Orc:2    | Reached skill level 7 in Crossbows
 25179 | Orc:2    | HP: 41/129 [orc warlord/broad axe of freezing (30)]
 25196 | Orc:2    | HP: 26/129 [orc warlord/broad axe of freezing (22)]
 25206 | Orc:2    | Killed an orc warlord
 25206 | Orc:2    | Reached XP level 16. HP: 48/136 MP: 18/22
 25624 | Orc:2    | Reached skill level 8 in Crossbows
 25655 | Orc:1    | HP: 68/136 [orc warrior/hand axe[an orc warlord] (18)]
 25920 | Orc:2    | Found a roughly hewn altar of Beogh.
 25962 | Orc:2    | Found Ozixe's Antique Armour Shop.
 25962 | Orc:2    | Found Laumaher's General Store.
 26001 | Orc:2    | Found Rureff's Antique Weapon Shop.
 26002 | Orc:2    | Found Oroy's Book Shop.
 26030 | Orc:2    | Found Seneed's Weapon Shop.
 26056 | Orc:2    | Bought a +0 double sword of slicing for 318 gold pieces
 26191 | Orc:2    | Bought a slimy chain mail for 332 gold pieces
 26191 | Orc:2    | Identified the cursed +0 chain mail "Haridghi" {rElec rC- rN+++ Regen+} (You bought it in a shop on level 2 of the Orcish Mines)
 26456 | Orc:2    | Found a staircase to the Elven Halls.
 26819 | Swamp:1  | Entered Level 1 of the Swamp
 27661 | Swamp:1  | Reached skill level 15 in Long Blades
 27921 | Swamp:2  | Noticed a thorn hunter
 28030 | Swamp:2  | Noticed Nikola
 28050 | Swamp:2  | Killed Nikola
 28295 | Swamp:2  | Reached skill level 16 in Long Blades
 28494 | Swamp:4  | Entered Level 4 of the Swamp
 28517 | Swamp:4  | Killed a thorn hunter
 28662 | Swamp:3  | Reached skill level 11 in Dodging
 28744 | Swamp:3  | Reached skill level 9 in Crossbows
 28744 | Swamp:3  | Reached skill level 11 in Armour
 29184 | Swamp:4  | Noticed a thorn hunter
 29198 | Swamp:4  | Killed a thorn hunter
 29198 | Swamp:4  | Reached XP level 17. HP: 90/142 MP: 24/24
 30036 | Swamp:4  | Noticed the 27-headed Lernaean hydra
 30236 | Snake:1  | Entered Level 1 of the Snake Pit
 30285 | Snake:1  | Reached skill level 10 in Crossbows
 30364 | Snake:1  | Identified a scroll of acquirement
 30419 | Snake:1  | HP: 64/143 [naga sharpshooter/bolt (11)]
 30424 | Snake:1  | HP: 65/144 [naga sharpshooter/uncursed trident (2)]
 30429 | Snake:1  | HP: 56/144 [naga sharpshooter/uncursed trident (7)]
 30438 | Snake:1  | HP: 61/144 [poisoned by a naga sharpshooter (splash of poison)]
 30444 | Snake:1  | HP: 64/144 [poisoned by a naga sharpshooter (splash of poison)]
 30605 | Snake:1  | Noticed brew9's ghost (adept KoBe)
 30708 | Snake:1  | Killed brew9's ghost
 30708 | Snake:1  | Reached skill level 10 in Invocations
 30981 | Snake:1  | Reached skill level 16 in Fighting
 30995 | Snake:1  | Reached skill level 12 in Armour
 31156 | Snake:1  | Reached skill level 12 in Dodging
 31241 | Snake:1  | Found Muevive Ilixt's Gadget Emporium.
 31244 | Snake:1  | Found Ikathuaz's Book Emporium.
 31887 | Snake:2  | Found Ohalaik's Assorted Antiques.
 31902 | Snake:2  | Bought a small golden ring for 115 gold pieces
 31902 | Snake:2  | Bought a purple potion for 20 gold pieces
 31902 | Snake:2  | Bought a pitted marble ring for 115 gold pieces
 31939 | Snake:2  | Found Papsyr's Book Boutique.
 32214 | Snake:2  | Found Buretsig's Antique Weapon Shop.
 32366 | Snake:2  | theanonym: !lg . killer=~hydra s=killer
 32366 | Snake:2  | beem: 13 games for theanonym (killer=~hydra): 3x the 27-headed Lernaean hydra, 2x a five-headed hydra, an 11-headed hydra, a seven-headed hydra, a six-headed hydra, a 16-headed hydra, an eight-headed hydra, a nine-headed hydra, a 15-headed hydra, a 14-headed hydra
 32366 | Snake:2  | theanonym: !lg . killer=~lerna s=char
 32366 | Snake:2  | beem: 3 games for theanonym (killer=~lerna): DrAs, MfGl, SpEn
 32366 | Snake:2  | theanonym: !lg . killer=~lerna s=char,xl
 32366 | Snake:2  | beem: 3 games for theanonym (killer=~lerna): DrAs (16), MfGl (18), SpEn (16)
 32644 | Snake:3  | Reached skill level 13 in Armour
 32644 | Snake:3  | Reached XP level 18. HP: 153/153 MP: 25/25
 32884 | Snake:3  | Reached skill level 13 in Dodging
 33094 | Snake:2  | Bought a manual of Fighting for 2097 gold pieces
 33140 | Snake:3  | Reached skill level 17 in Fighting
 33912 | Snake:4  | Entered Level 4 of the Snake Pit
 34469 | Snake:4  | Reached skill level 14 in Armour
 34479 | Snake:4  | HP: 77/156 [naga ritualist/dagger of venom (4)]
 34480 | Snake:4  | Reached skill level 18 in Fighting
 34485 | Snake:4  | HP: 66/157 [poisoned by a naga ritualist (toxic radiance)]
 34490 | Snake:4  | HP: 63/157 [poisoned by a naga ritualist (toxic radiance)]
 34495 | Snake:4  | HP: 58/157 [poisoned by a naga sharpshooter (splash of poison)]
 34501 | Snake:4  | HP: 52/157 [poisoned by a naga sharpshooter (splash of poison)]
 34508 | Snake:4  | HP: 54/157 [poisoned by a naga sharpshooter (splash of poison)]
 34513 | Snake:4  | HP: 56/157 [poisoned by a naga sharpshooter (splash of poison)]
 34519 | Snake:4  | HP: 59/157 [poisoned by a naga sharpshooter (splash of poison)]
 34525 | Snake:4  | HP: 63/157 [poisoned by a naga sharpshooter (splash of poison)]
 34531 | Snake:4  | HP: 66/157 [poisoned by a naga sharpshooter (splash of poison)]
 34891 | Snake:4  | Reached skill level 14 in Dodging
 35163 | Snake:4  | HP: 78/158 [shock serpent (12)]
 35170 | Snake:4  | HP: 51/159 [poisoned by a naga warrior (splash of poison)]
 35175 | Snake:4  | HP: 79/238 [poisoned by a naga warrior (splash of poison)]
 35183 | Snake:4  | HP: 61/238 [poisoned by a naga warrior (splash of poison)]
 35190 | Snake:4  | HP: 60/238 [poisoned by a naga warrior (splash of poison)]
 35191 | Snake:4  | Reached skill level 19 in Fighting
 35197 | Snake:4  | HP: 65/240 [poisoned by a naga warrior (splash of poison)]
 35440 | Snake:4  | Reached XP level 19. HP: 165/166 MP: 26/26
 35639 | Snake:4  | Got a serpentine rune of Zot
 36120 | Elf:1    | Entered Level 1 of the Elven Halls
 36135 | Elf:1    | Reached skill level 15 in Armour
 37060 | Elf:1    | You fall through a shaft!
 37214 | Elf:2    | Found a huge runed gate.
 37214 | Elf:2    | Found a huge runed gate.
 37214 | Elf:2    | Found a huge runed gate.
 37230 | Elf:2    | Found a huge runed gate.
 37232 | Elf:2    | Found a huge runed gate.
 37342 | Elf:2    | Identified the ring of Doghum {rPois rF+ rC+} (You bought it in a shop on level 2 of the Snake Pit)
 37679 | Elf:1    | Reached skill level 20 in Fighting
 37700 | Elf:1    | Reached skill level 15 in Dodging
 38397 | Elf:2    | Found Iggoif's Armour Shop.
 38964 | Elf:2    | Reached skill level 21 in Fighting
 39374 | Elf:3    | Entered Level 3 of the Elven Halls
 39389 | Elf:3    | Reached skill level 16 in Dodging
 39929 | Swamp:4  | HP: 86/173 [the 27-headed Lernaean hydra (3)]
 39930 | Swamp:4  | Killed the 26-headed Lernaean hydra
 39930 | Swamp:4  | Reached skill level 1 in Spellcasting
 39930 | Swamp:4  | Reached skill level 1 in Charms
 39930 | Swamp:4  | Reached skill level 1 in Necromancy
 39935 | Swamp:4  | Reached XP level 20. HP: 83/180 MP: 27/27
 40251 | Swamp:4  | Reached skill level 2 in Charms
 40259 | Swamp:4  | Reached skill level 2 in Spellcasting
 40272 | Swamp:4  | Got a decaying rune of Zot
 40714 | Vaults:1 | Entered Level 1 of the Vaults
 40744 | Vaults:1 | Noticed Donald
 40756 | Vaults:1 | Killed Donald
 40756 | Vaults:1 | Reached skill level 2 in Necromancy
 40858 | Vaults:1 | Reached skill level 3 in Charms
 40921 | Vaults:1 | Reached skill level 3 in Spellcasting
 40977 | Vaults:1 | Reached skill level 3 in Necromancy
 41026 | Vaults:1 | Reached skill level 4 in Charms
 41152 | Vaults:1 | Reached skill level 4 in Spellcasting
 41309 | Vaults:1 | Reached skill level 4 in Necromancy
 41322 | Vaults:1 | Reached skill level 5 in Charms
 41367 | Vaults:1 | Reached skill level 5 in Spellcasting
 41883 | Vaults:1 | Reached skill level 6 in Charms
 41977 | Vaults:1 | Reached skill level 5 in Necromancy
 42447 | Vaults:2 | Reached skill level 6 in Spellcasting
 42458 | Vaults:2 | HP: 87/180 [tengu reaver/enchanted great mace (5)]
 42467 | Vaults:2 | Reached skill level 7 in Charms
 42739 | Vaults:2 | Reached skill level 6 in Necromancy
 42768 | Vaults:2 | Noticed Boris
 42793 | Vaults:2 | Killed Boris
 43041 | Vaults:2 | Reached skill level 7 in Spellcasting
 43041 | Vaults:2 | Reached XP level 21. HP: 169/187 MP: 31/31
 43189 | Vaults:2 | Found a staircase to the Crypt.
 43389 | Vaults:2 | Reached skill level 8 in Charms
 43671 | Vaults:3 | Reached skill level 7 in Necromancy
 43878 | Vaults:3 | Reached skill level 8 in Spellcasting
 43885 | Vaults:3 | HP: 88/188 [purple very ugly thing (25)]
 44130 | Vaults:3 | Reached skill level 11 in Invocations
 44343 | Vaults:3 | Reached skill level 22 in Fighting
 44365 | Vaults:3 | Reached skill level 8 in Necromancy
 44413 | Vaults:3 | HP: 93/189 [vault warden/battleaxe (39)]
 44875 | Vaults:3 | Found Risoxa's Magic Scroll Boutique.
 44884 | Vaults:3 | Bought a scroll of identify for 42 gold pieces
 45231 | Vaults:3 | Reached XP level 22. HP: 198/198 MP: 34/34
 45290 | Vaults:3 | Found Ifiuca's Antique Weapon Shoppe.
 45290 | Vaults:3 | Found Gusmilia's Gadget Boutique.
 45368 | Vaults:3 | Reached skill level 12 in Invocations
 45377 | Vaults:3 | Reached skill level 9 in Charms
 45386 | Vaults:3 | Found Mauckaq's Jewellery Shop.
 45784 | Vaults:4 | Reached skill level 9 in Necromancy
 46254 | Vaults:4 | Reached skill level 10 in Charms
 46678 | Vaults:4 | Reached skill level 23 in Fighting
 47376 | Snake:1  | Bought a book of Spatial Translocations for 910 gold pieces
 47379 | Snake:1  | Learned a level 2 spell: Blink
 47384 | Snake:1  | Learned a level 4 spell: Passage of Golubria
 47388 | Snake:1  | Learned a level 3 spell: Lesser Beckoning
 47704 | Depths:1 | Entered Level 1 of the Depths
 47704 | Depths:1 | Found a gateway to a ziggurat.
 47742 | Depths:1 | Noticed the Enchantress
 47778 | D:15     | Reached skill level 10 in Necromancy
 47778 | D:15     | Reached skill level 1 in Translocations
 47935 | D:15     | Killed the Enchantress
 47945 | D:15     | Reached skill level 2 in Translocations
 48218 | Orc:2    | Bought a book of Cantrips for 320 gold pieces
 48220 | Orc:2    | Learned a level 1 spell: Apportation
 48509 | Depths:1 | Found a one-way gate to the infinite horrors of the Abyss.
 48595 | Depths:1 | Found a glowing golden altar of the Shining One.
 48608 | Depths:1 | Reached skill level 13 in Invocations
 48797 | Depths:1 | Reached skill level 3 in Translocations
 49069 | Depths:1 | Found a gateway to Hell.
 49714 | Elf:3    | Reached XP level 23. HP: 203/206 MP: 35/35
 49754 | Elf:3    | Reached skill level 4 in Translocations
 50042 | Elf:3    | Reached skill level 9 in Spellcasting
 50108 | Elf:3    | Reached skill level 5 in Translocations
 50198 | Elf:3    | Reached skill level 6 in Translocations
 50252 | Elf:3    | Gained mutation: You have a pair of small horns on your head. [a neqoxec]
 50361 | Elf:3    | Reached skill level 7 in Translocations
 50520 | Elf:3    | Found the +9 heavy crossbow "Sniper" {velocity, Acc+∞ SInv}
 50532 | Elf:3    | Reached skill level 10 in Spellcasting
 50571 | Elf:3    | Learned a level 5 spell: Silence
 50572 | Elf:3    | Identified the Papyrus of the Floating Traveller
 50641 | Elf:3    | Got a scintillating amber ring
 50704 | Elf:3    | Identified the ring "Itemm" {MR- Str+6 Dex+7 SInv} (You took it off a deep elf sorcerer on level 3 of the Elven Halls)
 51272 | Depths:2 | Reached skill level 8 in Translocations
 51588 | Depths:2 | Found an ancient bone altar of Kikubaaqudgha.
 51588 | Depths:2 | Found a bloodstained altar of Trog.
 51589 | Depths:2 | Found an iron altar of Okawaru.
 51652 | Depths:2 | Reached skill level 9 in Translocations
 51695 | Depths:2 | Reached skill level 14 in Invocations
 51820 | Depths:2 | HP: 88/207 [flayed ghost/flay_damage (33)]
 51887 | Depths:2 | Identified the +8 hand crossbow "Jateomy" {venom, rPois MP+9 Str-2 Stlth+} (You found it on level 2 of the Depths)
 51923 | Depths:2 | Reached skill level 10 in Translocations
 51945 | Depths:2 | Reached skill level 16 in Armour
 51945 | Depths:2 | Reached XP level 24. HP: 214/214 MP: 37/37
 52347 | Depths:2 | Identified the +7 shortbow "Nadouwu" {velocity, Int+2} (You found it on level 2 of the Depths)
 52399 | Depths:2 | Learned a level 5 spell: Dispel Undead
 52468 | Depths:3 | Found a sparkling altar of Nemelex Xobeh.
 52542 | Depths:3 | Reached skill level 15 in Invocations
 52590 | Depths:3 | Found a one-way gate leading to the halls of Pandemonium.
 52847 | Depths:3 | Reached skill level 17 in Dodging
 52863 | Depths:3 | Identified Jusiyjag's Guide on Moulding and Cold
 53067 | Depths:3 | Reached skill level 17 in Armour
 53665 | Depths:4 | Paralysed by a lich for 2 turns
 53785 | Depths:4 | Noticed a juggernaut
 53792 | Depths:4 | Killed a juggernaut
 54033 | Depths:4 | Found Jialeudd's Book Emporium.
 54428 | Depths:5 | Entered Level 5 of the Depths
 54446 | Depths:5 | Reached skill level 24 in Fighting
 54469 | Depths:5 | Reached XP level 25. HP: 175/223 MP: 37/37
 54495 | Depths:5 | Got a dazzling arbalest
 54547 | Depths:5 | Found a gate to the Realm of Zot.
 54635 | Depths:5 | Reached skill level 18 in Dodging
 54644 | Depths:5 | Reached skill level 18 in Armour
 54657 | Depths:5 | Noticed Frederick
 54667 | Depths:5 | Killed Frederick
 54729 | Depths:5 | Found a magical portal.
 54735 | WizLab   | Entered Doroklohe's Tomb
 54798 | WizLab   | HP: 110/225 [??? (108)]
 54880 | WizLab   | Noticed a greater mummy
 54888 | WizLab   | Killed a greater mummy
 55056 | WizLab   | Identified the +10 arbalest of Pandemonium {flame, -Tele rElec rPois Dex+7} (You found it on level 5 of the Depths)
 55332 | Depths:5 | Noticed a juggernaut
 55343 | Depths:5 | Killed a juggernaut
 56411 | Depths:5 | Found Imoam's Jewellery Shoppe.
 56413 | Depths:5 | Found Qianluosu's Gadget Shop.
 56414 | Depths:5 | Found Nump's Jewellery Shoppe.
 56419 | Depths:5 | Bought the amulet of Vitality {Regen+ HP+15} for 948 gold pieces
 56419 | Depths:5 | Found the amulet of Vitality {Regen+ HP+15}
 57550 | Crypt:1  | Entered Level 1 of the Crypt
 57625 | Crypt:1  | Reached skill level 1 in Axes
 57704 | Crypt:1  | Reached skill level 2 in Axes
 57735 | Crypt:1  | Reached skill level 3 in Axes
 57826 | Crypt:1  | Reached skill level 4 in Axes
 57879 | Crypt:1  | Identified the +8 plate armour "Aqey" {rC- MR+ Int+6, 18} (You found it on level 1 of the Crypt)
 57889 | Crypt:1  | HP: 106/240 [??? (55)]
 57923 | Crypt:1  | Reached skill level 5 in Axes
 58345 | Crypt:2  | Reached skill level 6 in Axes
 58436 | Crypt:2  | Reached skill level 7 in Axes
 58560 | Crypt:2  | Reached skill level 8 in Axes
 58565 | Crypt:2  | Found a basalt altar of Yredelemnul.
 58729 | Crypt:2  | Got a scintillating steel ring
 58782 | Crypt:2  | Noticed Xtahua
 58783 | Crypt:2  | Identified the ring "Udivaluv" {+Fly rN+ MR- SInv} (You found it on level 2 of the Crypt)
 58796 | Crypt:2  | Killed Xtahua
 58796 | Crypt:2  | Reached skill level 9 in Axes
 58925 | Crypt:2  | Reached XP level 26. HP: 233/233 MP: 37/37
 59071 | Crypt:2  | Reached skill level 10 in Axes
 59271 | Crypt:3  | Entered Level 3 of the Crypt
 59271 | Crypt:3  | Noticed Boris
 59277 | Crypt:3  | Noticed Jorgrun
 59282 | Crypt:2  | Killed Boris
 59421 | Crypt:3  | Reached skill level 11 in Axes
 59516 | Crypt:3  | Reached skill level 12 in Axes
 59685 | Crypt:3  | Noticed an ancient lich
 59701 | Crypt:3  | Noticed an ancient lich
 59711 | Crypt:3  | Killed an ancient lich
 59711 | Crypt:3  | Reached skill level 13 in Axes
 59811 | Crypt:3  | Killed an ancient lich
 59829 | Crypt:3  | Got a wavering marble ring
 59830 | Crypt:3  | Identified the ring of the Sneaky Ships {Fire -Tele Str+4 Int+7 SInv} (You found it on level 3 of the Crypt)
 59843 | Crypt:3  | Learned a level 8 spell: Necromutation
 59852 | Crypt:3  | Learned a level 8 spell: Borgnjor's Revivification
 59904 | Crypt:3  | Noticed Khufu
 59910 | Crypt:3  | Noticed a greater mummy
 59915 | Crypt:3  | Killed Khufu
 59915 | Crypt:3  | HP: 100/248 [torment (52)]
 59915 | Crypt:3  | Reached skill level 14 in Axes
 59924 | Crypt:3  | Killed a greater mummy
 59924 | Crypt:3  | HP: 68/248 [torment (34)]
 59930 | Crypt:3  | HP: 78/248 [cloud of flame (1)]
 59938 | Crypt:3  | HP: 76/248 [revenant] (6)]
 59945 | Crypt:3  | HP: 76/248 [revenant] (4)]
 59955 | Crypt:3  | Killed Jorgrun
 59958 | Crypt:3  | HP: 64/248 [??? (32)]
 59967 | Crypt:3  | HP: 57/248 [??? (28)]
 60085 | Crypt:3  | Identified the Incunabulum of Good Luck and the Arsonist
 60114 | Crypt:3  | Found a staircase to the Tomb.
 60127 | Crypt:3  | HP: 106/248 [flayed ghost/flay_damage (39)]
 60179 | Crypt:3  | Reached skill level 15 in Axes
 60734 | Vaults:5 | Entered Level 5 of the Vaults
 60852 | Vaults:5 | Reached skill level 16 in Axes
 60880 | Vaults:5 | Noticed an ancient lich
 60902 | Vaults:5 | Killed an ancient lich
 60925 | Vaults:5 | Reached XP level 27. HP: 240/240 MP: 37/37
 60925 | Vaults:5 | Reached skill level 17 in Axes
 60998 | Vaults:5 | Reached skill level 18 in Axes
 61055 | Vaults:5 | HP: 115/255 [large abomination[a deep elf high priest] (23)]
 61067 | Vaults:5 | HP: 99/255 [large abomination[a deep elf high priest] (4)]
 61080 | Vaults:5 | HP: 74/255 [large abomination/exploding inner flame[the player character] (8)]
 61086 | Vaults:5 | HP: 80/255 [large abomination/exploding inner flame[the player character] (3)]
 61086 | Vaults:5 | Reached skill level 19 in Axes
 61570 | Vaults:5 | Got a silver rune of Zot
 61590 | Vaults:5 | Found Fefa's Distillery.
 61594 | Vaults:5 | Bought a potion of mutation for 128 gold pieces
 61594 | Vaults:5 | Bought a potion of curing for 48 gold pieces
 61594 | Vaults:5 | Bought a potion of heal wounds for 80 gold pieces
 61594 | Vaults:5 | Bought a potion of heal wounds for 80 gold pieces
 61601 | Vaults:5 | Found Neotag's Food Shoppe.
 61626 | Vaults:5 | Found Jidigh Veur's Food Emporium.
 61647 | Vaults:5 | Reached skill level 20 in Axes
 62000 | Vaults:5 | Identified the +3 large shield of the Harvest {Dex+4} (You acquired it on level 5 of the Vaults)
 62992 | Zot:1    | Entered Level 1 of the Realm of Zot
 63385 | Zot:1    | Reached skill level 21 in Axes
 64159 | Zot:2    | Reached skill level 22 in Axes
 64516 | Zot:2    | HP: 126/255 [green draconian knight/shard of ice (34)]
 64522 | Zot:2    | HP: 121/255 [green draconian knight/war axe of chopping (10)]
 64529 | Zot:2    | HP: 123/255 [yellow draconian/glob of acid (6)]
 64535 | Zot:2    | HP: 92/255 [green draconian knight/war axe of chopping (14)]
 64542 | Zot:2    | Reached skill level 23 in Axes
 66215 | Zot:3    | Reached skill level 24 in Axes
 67063 | Zot:4    | Reached skill level 25 in Axes
 67119 | Zot:4    | Reached skill level 1 in Transmutations
 67137 | Zot:4    | Reached skill level 2 in Transmutations
 67355 | Zot:4    | Reached skill level 3 in Transmutations
 67796 | Zot:5    | Entered Level 5 of the Realm of Zot
 67856 | Zot:5    | Reached skill level 4 in Transmutations
 68016 | Zot:5    | Noticed an ancient lich
 68020 | Zot:5    | Reached skill level 5 in Transmutations
 68032 | Zot:5    | Killed an ancient lich
 68047 | Zot:5    | Reached skill level 6 in Transmutations
 68180 | Zot:5    | Noticed an ancient lich
 68540 | Depths:5 | theanonym: !lg * ba title=~death s=title
 68540 | Depths:5 | beem: 6 games for * (ba title=~death): 3x Scholar of Death, 2x Rhythm of Life and Death, Artisan of Death
 68540 | Depths:5 | theanonym: !lg * ba title=~of_death s=title
 68540 | Depths:5 | beem: 4 games for * (ba title=~of_death): 3x Scholar of Death, Artisan of Death
 68540 | Depths:5 | theanonym: !lg * ba title=~of_death
 68540 | Depths:5 | beem: 4. darxusza the Scholar of Death (L5 BaNe of Kikubaaqudgha), mangled by a gnoll (a +0 halberd) (kmap: lemuel_castle_with_subvaults) on D:4 on 2017-10-29 07:00:27, with 218 points after 2454 turns and 0:28:54.
 68540 | Depths:5 | theanonym: !lg * ba title=~of_death win
 68540 | Depths:5 | beem: No games for * (ba title=~of_death win).
 68540 | Depths:5 | theanonym: !lg * ba maxskills=necromancy win s=title
 68540 | Depths:5 | beem: 2 games for * (ba maxskills=necromancy win): Annihilator, Petrodigitator
 68975 | Orc:2    | Bought a +2 triple crossbow of flaming for 390 gold pieces
 69260 | Snake:2  | Bought 3 scrolls of enchant armour for 517 gold pieces
 69563 | Depths:1 | Voluntarily entered the Abyss.
 69936 | Abyss:1  | Reached skill level 7 in Transmutations
 70069 | Abyss:1  | Reached skill level 11 in Necromancy
 70188 | Abyss:1  | Noticed an ancient lich
 70193 | Abyss:1  | Killed an ancient lich
 70235 | Abyss:2  | Found a corrupted altar of Lugonu.
 70383 | Abyss:2  | Reached skill level 8 in Transmutations
 70450 | Abyss:2  | Found a stormy altar of Qazlal.
 70583 | Abyss:2  | Found a stormy altar of Qazlal.
 70773 | Abyss:3  | Reached skill level 26 in Axes
 70819 | Abyss:3  | Reached skill level 9 in Transmutations
 70832 | Abyss:3  | Got an abyssal rune of Zot
 70876 | Depths:1 | Escaped the Abyss
 71983 | Pan      | Entered Pandemonium
 72192 | Pan      | Reached skill level 10 in Transmutations
 72553 | Pan      | Reached skill level 12 in Necromancy
 72596 | Pan      | HP: 97/255 [??? (76)]
 72597 | Pan      | HP: 32/255 [??? (24)]
 72598 | Pan      | Slain by a large abomination

Vanquished Creatures
  5 ancient liches
  Khufu (Crypt:3)
  2 juggernauts
  Boris (twice) (Vaults:2 Crypt:2)
  2 greater mummies
  Xtahua (Crypt:2)
  the Lernaean hydra (Swamp:4)
  Frederick (Depths:5)
  4 curse toes
  A Killer Klown (Zot:4)
  7 golden dragons
  Nikola (Swamp:2)
  A profane servitor (Crypt:2)
  the Enchantress (D:15)
  A bone dragon (Abyss:2)
  2 Brimstone Fiends (Pan)
  Jorgrun (Crypt:3)
  2 electric golems
  18 tentacled monstrosities
  A Hell Sentinel (Abyss:1)
  5 deep elf blademasters
  3 deep elf master archers (Elf:3)
  13 liches
  6 titans
  5 quicksilver dragons
  Gastronok (D:8)
  Frances (D:12)
  6 ancient champions
  10 death cobs
  The ghost of brew9 the Sharpshooter, an adept KoBe of Trog (Snake:1)
  9 sphinxes
  10 tengu reavers
  17 storm dragons
  Kirke (D:12)
  8 tentacled starspawn
  3 draconian monks
  3 thorn hunters
  3 revenants
  Donald (Vaults:1)
  11 shadow dragons
  10 nagarajas
  6 fire giants
  14 frost giants
  7 draconian scorchers
  3 iron dragons
  20 vault wardens
  3 curse skulls
  3 orc warlords
  8 deep elf sorcerers
  A blood saint (Pan)
  4 draconian shifters
  5 ghost moths
  5 draconian knights
  A juggernaut zombie (Crypt:2)
  4 draconian annihilators
  4 cacodemons
  6 deep elf elementalists
  4 draconian stormcallers
  4 spriggan defenders
  2 ghouls (Crypt:3)
  A caustic shrike skeleton (Crypt:2)
  A war gargoyle (Vaults:2)
  A juggernaut skeleton (Crypt:2)
  10 ironheart preservers
  22 stone giants
  3 entropy weavers
  A black sun (Pan)
  21 very ugly things
  Azrael (D:13)
  9 vampire knights
  4 deep elf demonologists
  10 red draconians
  7 black draconians
  9 yellow draconians
  A dire elephant (Lair:6)
  6 spark wasps
  7 deep elf annihilators
  6 purple draconians
  A lorocyproca (Pan)
  7 green draconians
  7 white draconians
  The ghost of anything the Slinger, a journeyman OpHu of Gozag (Lair:2)
  Snorg (Lair:3)
  A purple draconian (shapeshifter) (Vaults:3)
  5 eidola
  A great orb of eyes (shapeshifter) (Vaults:5)
  6 jiangshi
  8 deep elf death magi
  A quicksilver dragon zombie (Crypt:1)
  7 ettins
  2 pearl dragon zombies (Crypt:2)
  15 fire dragons
  22 ogre magi
  5 deep elf high priests
  14 great orbs of eyes
  20 yaktaur captains
  6 mummy priests (WizLab)
  6 ice dragons
  8 rakshasas
  3 monstrous demonspawn (Pan)
  2 ghost crabs
  5 spriggan air magi
  20 hydras
  18 naga warriors
  29 vault guards
  7 death knights
  A catoblepas (Lair:6)
  7 anacondas
  4 alligators
  24 dancing weapons
  12 deep troll shamans
  9 centaur warriors
  62 two-headed ogres
  3 death yaks (Lair:6)
  8 deep troll earth magi
  2 orc high priests (Orc:2)
  6 tengu warriors
  Urug (D:15)
  6 vampire magi
  A titan zombie (Vaults:5)
  3 hell hogs (Crypt:2)
  7 spriggan berserkers
  13 shock serpents
  6 thrashing horrors
  8 naga sharpshooters
  20 deep elf knights
  3 soul eaters
  Nergalle (Lair:1)
  A shock serpent (shapeshifter) (Vaults:4)
  3 wretched stars
  2 shadow wraiths
  A storm dragon zombie (Crypt:3)
  3 sun demons
  4 iron trolls
  8 salamander mystics
  5 skeletal warriors
  A fire crab (Lair:3)
  A spark wasp zombie (WizLab)
  A spatial maelstrom (Abyss:1)
  6 flayed ghosts
  A golden dragon zombie (WizLab)
  4 spriggan druids
  2 unseen horrors
  28 deep trolls
  6 sixfirhies
  6 hell knights
  A shadow demon (Depths:3)
  A sea snake (shapeshifter) (Depths:3)
  A ghost moth zombie (Crypt:1)
  7 glowing orange brains
  An obsidian statue (Depths:3)
  17 harpies
  12 phantasmal warriors
  15 swamp dragons
  A tengu zombie (Depths:1)
  20 orc knights
  19 starcursed masses
  8 naga ritualists
  Pikel (D:8)
  18 deep elf archers
  19 ironbrand convokers
  6 necromancers
  2 lindwurms (Lair:6)
  7 wizards
  A golden dragon skeleton (Crypt:2)
  A frost giant zombie (WizLab)
  7 mana vipers
  An oklob plant (Lair:5)
  15 salamanders
  A cyclops (shapeshifter) (Depths:3)
  5 wolf spiders
  29 ugly things
  2 stone giant zombies
  A shadow dragon skeleton (Depths:1)
  12 orc sorcerers
  A manticore (shapeshifter) (Depths:1)
  A faun (shapeshifter) (Depths:5)
  2 elephants (Lair:6)
  61 deep elf magi
  3 manticores
  4 cyclopes
  A sphinx skeleton (Vaults:5)
  2 worldbinders
  4 apis skeletons (Crypt:2)
  22 moths of wrath
  A fire giant skeleton (Crypt:1)
  An iron dragon skeleton (Crypt:3)
  5 centaur zombies
  6 guardian serpents
  22 naga magi
  39 black mambas
  Maurice (D:8)
  A torpor snail (shapeshifter) (Vaults:5)
  4 rust devils
  8 smoke demons
  5 orange demons
  17 spiny frogs
  3 apocalypse crabs
  A human skeleton (Vaults:5)
  10 vault sentinels
  A frost giant skeleton (Crypt:1)
  A shock serpent skeleton (Abyss:1)
  A gargoyle (D:11)
  A purple draconian zombie (Crypt:3)
  A torpor snail (Lair:6)
  A demonic crawler (Abyss:2)
  A rime drake (shapeshifter) (D:15)
  A dire elephant skeleton (Abyss:1)
  4 rime drakes
  6 freezing wraiths
  11 komodo dragons
  65 yaktaurs
  5 ancient zymes
  4 hellwings
  2 tengu conjurers
  An ice devil (Depths:3)
  A queen bee (shapeshifter) (Vaults:2)
  A komodo dragon (shapeshifter) (Vaults:1)
  A harpy zombie (Crypt:2)
  3 guardian mummies (WizLab)
  A pale draconian skeleton (Crypt:2)
  2 iron troll skeletons
  2 jumping spiders (shapeshifter)
  A merfolk (shapeshifter) (D:15)
  5 trolls
  13 hornets
  A polar bear (shapeshifter) (D:15)
  A meliai (shapeshifter) (Depths:3)
  2 red devils (Depths:3)
  3 tyrant leeches
  A hornet (shapeshifter) (Vaults:2)
  A sphinx simulacrum (Vaults:2)
  6 bog bodies
  20 slime creatures
  A jumping spider (Vaults:4)
  11 raiju (Abyss:1)
  An ice dragon zombie (WizLab)
  9 blink frogs
  6 hippogriffs
  A hydra skeleton (Crypt:1)
  A harpy skeleton (D:15)
  6 dream sheep (Lair:6)
  3 meliai zombies
  2 deep troll zombies (WizLab)
  A spriggan zombie (Depths:2)
  7 flying skulls
  3 human simulacra
  A fire dragon zombie (Crypt:1)
  5 shadows
  A centaur simulacrum (D:15)
  7 air elementals
  5 ynoxinuls
  38 yaks
  17 spriggans
  11 water elementals
  3 wraiths
  A fire bat (D:12)
  22 large abominations
  An ice dragon skeleton (Depths:1)
  A vampire (D:13)
  2 steam dragons (Lair:6)
  6 fire elementals
  17 humans
  28 small abominations
  2 neqoxecs
  Grum (D:9)
  9 chaos spawn
  3 basilisks
  7 hungry ghosts
  5 hogs
  An elf simulacrum (Vaults:5)
  2 spatial vortices (Abyss:1)
  8 vampire mosquitoes
  A monstrous demonspawn zombie (WizLab)
  8 wargs
  A human zombie (WizLab)
  24 swamp worms
  78 nagas
  11 water moccasins
  A soldier ant (shapeshifter) (Elf:2)
  A naga (shapeshifter) (D:13)
  2 infernal demonspawn zombies (Crypt:1)
  4 hell hounds (D:13)
  4 acid dragons
  4 porcupines
  A sky beast (shapeshifter) (Vaults:5)
  18 swamp drakes
  58 orc warriors
  A hornet zombie (D:15)
  An eye of draining (shapeshifter) (D:14)
  2 black bears
  3 ice beasts
  A slave (D:7)
  An eye of draining (Abyss:2)
  2 phantoms
  6 sky beasts
  47 ogres
  21 wolves
  14 boggarts
  5 necrophages
  9 centaurs
  A centaur (shapeshifter) (Vaults:5)
  A lindwurm skeleton (Crypt:3)
  15 crocodiles
  An elf zombie (Abyss:1)
  4 big kobolds
  16 bullfrogs
  3 earth elementals
  A gnoll sergeant (D:8)
  A glowing shapeshifter simulacrum (Vaults:3)
  3 scorpions
  A water moccasin skeleton (D:11)
  A cyclops skeleton (Crypt:3)
  A yak zombie (Crypt:1)
  A raiju zombie (Crypt:2)
  7 killer bees (D:11)
  3 troll zombies (D:10)
  17 wights
  A troll skeleton (Crypt:2)
  6 electric eels
  2 jellies
  A bullfrog zombie (D:11)
  11 crimson imps
  4 quasits
  5 centaur skeletons
  27 orc priests
  7 hounds
  6 iron imps
  24 orc wizards
  3 bullfrog skeletons
  A gnoll shaman (D:6)
  6 iguanas
  11 worker ants
  2 hell rats (Lair:1)
  A porcupine skeleton (Crypt:3)
  2 killer bee zombies
  5 ogre zombies (D:10)
  A demigod zombie (Crypt:2)
  A demigod skeleton (Crypt:1)
  A hound zombie (D:10)
  5 hound skeletons
  2 mummies (Crypt:3)
  2 worker ant zombies
  14 gnolls
  8 adders
  11 river rats (Lair:1)
  5 shadow imps
  4 white imps
  An ufetubus (Abyss:1)
  2 oozes
  A halfling zombie (Crypt:3)
  2 adder zombies (D:8)
  2 worms (D:2)
  2 leopard geckos (D:6)
  102 orcs
  6 bats
  A bat zombie (Crypt:3)
  3 giant cockroaches
  8 goblins
  A goblin (shapeshifter) (Vaults:5)
  9 hobgoblins
  11 jackals
  5 quokkas
  A ball python (D:1)
  A dart slug zombie (Crypt:2)
  5 frilled lizards
  3 goblin zombies (D:10)
  2 hobgoblin skeletons (D:10)
  4 hobgoblin zombies (D:10)
  A jackal skeleton (Crypt:1)
  42 kobolds
  An orc skeleton (D:10)
  15 orc zombies
  A quokka skeleton (D:2)
  A quokka zombie (D:9)
  7 rats
  2 crawling corpses (Vaults:5)
  A plant (D:8)
  9 starspawn tentacles
2644 creatures vanquished.

Vanquished Creatures (collateral kills)
  Rupert (Lair:3)
  A nagaraja (Snake:4)
  A fire dragon (Lair:6)
  Fannar (Lair:3)
  A wyvern (Lair:3)
  A water moccasin (Lair:3)
  A crimson imp (D:15)
  A plant (Lair:6)
8 creatures vanquished.

Vanquished Creatures (others)
  A sphinx (Vaults:2)
  A deep elf knight (Elf:3)
  A starcursed mass (Abyss:1)
  A deep elf mage (Elf:1)
  2 moths of wrath (Zot:5)
  An air elemental (Depths:5)
  A spriggan (Swamp:1)
  An orc warrior (Vaults:3)
  3 orc wizards
  2 orcs
  A bush (Depths:5)
  10 fungi
  A lurking horror (Abyss:3)
  20 plants
  9 starspawn tentacles
55 creatures vanquished.

Grand Total: 2707 creatures vanquished

Table legend:
 A = Turns spent in this place as a percentage of turns spent in the entire game.
 B = Non-inter-level travel turns spent in this place as a percentage of non-inter-level travel turns spent in the entire game.
 C = Inter-level travel turns spent in this place as a percentage of turns spent in this place.
 D = Turns resting spent in this place as a percentage of non-inter-level travel turns spent in this place.
 E = Turns spent auto-exploring this place as a percentage of non-inter-level travel turns spent in this place.
 F = Non-inter-level travel turns spent in this place divided by the number of levels of this place that you've seen.
                   A       B       C       D       E      F
               +-------+-------+-------+-------+-------+----------------------
         Total | 100.0 | 100.0 |  17.3 |  16.0 |  53.8 | 1053.3
       Dungeon |  27.7 |  25.8 |  23.1 |  22.9 |  52.5 | 1032.1
          Lair |  11.9 |  12.1 |  16.2 |  21.9 |  58.3 | 1210.5
         Swamp |   5.5 |   6.1 |   8.9 |  17.6 |  55.7 | 917.2
     Snake Pit |   8.1 |   9.0 |   8.7 |  21.4 |  47.5 | 1345.5
  Orcish Mines |   4.5 |   3.6 |  33.5 |  25.7 |  43.4 | 1090.5
   Elven Halls |   6.5 |   6.3 |  19.3 |  10.0 |  52.0 | 1263.7
        Vaults |  12.3 |  13.5 |   9.3 |  11.9 |  49.8 | 1615.2
         Crypt |   4.0 |   4.3 |  11.4 |  11.8 |  53.7 | 866.0
        Depths |   9.9 |   8.3 |  30.5 |   1.9 |  57.9 | 999.2
           Zot |   6.2 |   7.1 |   6.0 |   5.7 |  63.5 | 852.0
         Abyss |   1.8 |   2.2 |   0.0 |   3.6 |  59.4 | 437.7
   Pandemonium |   0.8 |   1.0 |   0.0 |   0.7 |  74.3 | 615.0
        Wizlab |   0.6 |   0.7 |   0.0 |  16.5 |  38.3 | 412.0
               +-------+-------+-------+-------+-------+----------------------
